AoeStats
← Kiritastrich

Arabia

506737836Analyzed
1v1 RM · 17d ago on Sep 14, 2026· 24m 54s· 2 players
Game mode
Random Map
Map size
Tiny (2 player)
Population
200
Speed
Normal
Resources
Standard
Victory
Conquest
Starting age
Dark Age
Ending age
Imperial Age
RankedLock teamsTeams togetherTeam positionsShared explorationLock speedFull tech treeHidden civsTurbo modeCheats
Victory
Defeat
🇺🇸 Magyars · United States
1896
+14
🇷🇺 Huns · Russia
1846
-14
Kiritastrich
5:58 Loom
8:47 Feudal Age
9:59 Double-Bit Axe
10:20 Horse Collar
14:31 Wheelbarrow
19:17 Padded Archer Armor
21:25 Castle Age
19:59 Fletching
20:29 Bloodlines
21:04 Gold Mining
22:14 Bodkin Arrow
22:35 Husbandry
23:43 Scale Barding Armor
24:46 Ballistics
24:13 Light Cavalry
dylanrobinson54
5:56 Loom
8:30 Feudal Age
6:49 Loom
9:29 Double-Bit Axe
10:13 Town Watch
14:13 Fletching
20:48 Castle Age
18:54 Horse Collar
20:07 Padded Archer Armor
20:22 Bloodlines
21:29 Husbandry
22:01 Bow Saw
Connection lost

Rejoining the realm…

Still unreachable

The connection could not be restored.

Session expired

The server has moved on; the page needs a fresh start.